 Dungeon Crawl Stone Soup version 0.29-a0-555-g3b24f45cc1 (webtiles) character file.

Game seed: 10761309061198892935

38 valliere the Conjurer (level 3, -2/21 HPs)
             Began as an Octopode Conjurer on June 8, 2022.
             Slain by a black bear (7 damage)
             ... on level 4 of the Dungeon.
             The game lasted 00:03:14 (1971 turns).

valliere the Conjurer (Octopode Conjurer)           Turns: 1971, Time: 00:03:15

Health: -2/21      AC:  1    Str:  6    XL:     3   Next: 43%
Magic:  15/15      EV: 13    Int: 26    God:
Gold:   77         SH:  0    Dex: 10    Spells: 5/6 levels left

rFire   . . .      SeeInvis .   c - +0 dagger
rCold   . . .      Faith    .   (no shield)
rNeg    . . .      Spirit   .   (helmet restricted)
rPois   .          Reflect  .   (no amulet)
rElec   .          Harm     .   o - ring of Yesterday {MP+9 Int+4}
rCorr   .          Rampage  .   (no ring)
Will    .....                   (no ring)
Stlth   +++.......              (no ring)
HPRegen 0.07/turn               (no ring)
MPRegen 0.14/turn               (no ring)
                                (no ring)
                                (no ring)

@: no status effects
A: almost no armour, amphibious, 8 rings, camouflage 1, gelatinous body 1,
(nimble swimmer 1), tentacles
a: no special abilities


You were on level 4 of the Dungeon.
You visited 1 branch of the dungeon, and saw 4 of its levels.

You collected 77 gold pieces.

Inventory:

Hand Weapons
 c - a +0 dagger (weapon)
Magical Staves
 i - a staff of fire
Jewellery
 o - the ring of Yesterday (left tentacle) {MP+9 Int+4}
   (You found it on level 3 of the Dungeon)

   [ring of magical power]

   Int:       It affects your intelligence (+4).
   MP:        It affects your magic capacity (+9).
Scrolls
 b - a scroll of poison {unknown}
 g - a scroll of vulnerability {unknown}
 h - a scroll of identify {unknown}
 k - 2 scrolls of acquirement
 n - a scroll of teleportation {unknown}
Potions
 a - a potion of magic
 d - a potion of mutation {unknown}
 f - 4 potions of degeneration {unknown}
 j - a potion of might {unknown}
 l - a potion of curing {unknown}
 m - a potion of berserk rage {unknown}


   Skills:
 - Level 2.0 Dodging
 - Level 2.6 Stealth
 - Level 2.0 Spellcasting
 * Level 5.1 Conjurations


You had 5 spell levels left.
You knew the following spells:

 Your Spells              Type           Power      Damage    Failure   Level
a - Magic Dart            Conj           100%       1d8       1%          1

Your spell library contained the following spells:

 Spells                   Type           Power      Damage    Failure   Level
 Searing Ray              Conj           58%        2d6       1%          2
 Dazzling Flash           Conj/Hex       32%        N/A       11%         3
 Fulminant Prism          Conj/Hex       8%         3d7       34%         4
 Iskenderun's Mystic Bla  Conj/Tloc      16%        2d5       34%         4


Dungeon Overview and Level Annotations

Branches:
Dungeon (3/15)

Altars:


Innate Abilities, Weirdness & Mutations

You cannot wear most types of armour.
You are amphibious.
You can wear up to eight rings at the same time.
Your skin changes colour to match your surroundings (Stealth+).
Your rubbery body absorbs attacks. (AC +1, EV +1)
((You are camouflaged when in or above water. (Stealth+)))
You have tentacles for arms and can constrict up to eight enemies at once.


Message History

This is a scroll of acquirement!
Something appears before you!
The black bear bites you but does no damage.
The black bear claws you. The black bear barely misses you.
You see here the ring "Peack" {rElec rF+ Int+4 Dex+3 Slay+5}.
It was a potion of ambrosia.
You are confused.
You feel invigorated. The black bear bites you.
The black bear barely misses you. The black bear claws you.
You bump into the rock wall.
The black bear barely misses you. The black bear closely misses you.
The black bear barely misses you.
You barely miss the black bear. Your squeeze misses the black bear.
The black bear closely misses you. x2; The black bear claws you.
You barely miss the black bear. The black bear closely misses you.
The black bear claws you. The black bear misses you.
You bump into the closed door.
The black bear bites you. The black bear misses you. The black bear claws you.
You hit the black bear.
The black bear is lightly wounded.
You feel less invigorated.
You feel less confused. The black bear bites you.
The black bear closely misses you. The black bear claws you.
You hit the black bear. Your grab misses the black bear.
You squeeze the black bear.
The black bear is moderately wounded.
The black bear bites you!
* * * LOW HITPOINT WARNING * * *
The black bear closely misses you. The black bear claws you.
* * * LOW HITPOINT WARNING * * *
You are too injured to fight recklessly!
Casting: Magic Dart (safe; 1% risk of failure)
Confirm with . or Enter, or press ? or * to list all spells.
Aiming: Magic Dart (safe; 1% risk of failure)
Press: ? - help, Shift-Dir - straight line, f - black bear
Aim: a black bear (moderately wounded, 100% to hit)
The magic dart hits the black bear.
The black bear is heavily wounded.
The black bear bites you!
You die...

#.#####.# +.
#.#.......# #.
#.#.####### ..
..#.#
#.####.#.#
#.#..#.#.#
+.+..#.#.#
#.####.##'#.#.#
#...†..h@...#.#
#.####.##+#.#.#
#.#..#.#.#
+.'.h#.#.#
#.####.#.#
..........#
############


You could see a black bear.

Vanquished Creatures
  A worm (D:2)
  8 ball pythons
  2 bats (D:1)
  4 endoplasms
  3 giant cockroaches
  4 goblins (D:1)
  A hobgoblin (D:4)
  2 kobolds (D:1)
  A quokka (D:1)
  3 frilled lizards (D:1)
  4 rats
33 creatures vanquished.

Notes
Turn   | Place    | Note
-------+----------+-------------------------------------------
     0 | D:1      | valliere the Octopode Conjurer began the quest for the Orb.
     0 | D:1      | Reached XP level 1. HP: 11/11 MP: 3/3
   180 | D:1      | Reached XP level 2. HP: 17/17 MP: 0/5
   862 | D:1      | Found a faded altar of an unknown god.
  1029 | D:2      | Reached XP level 3. HP: 21/21 MP: 4/6
  1090 | D:2      | Reached skill level 5 in Conjurations
  1847 | D:3      | Identified the ring of Yesterday {MP+9 Int+4}
  1915 | D:3      | You fall into a shaft and drop 1 floor!
  1954 | D:4      | Noticed a black bear
  1962 | D:4      | Identified 3 scrolls of acquirement
  1962 | D:4      | Acquired the ring "Peack" {rElec rF+ Int+4 Dex+3 Slay+5}
  1971 | D:4      | Slain by a black bear

Illustrated notes

Levels and vault maps discovered:
D:1:      amcnicky_arrival_gap_in_the_tavern_cellar, layout_loops_ring,
          basic_ecumenical_altar
D:2:      layout_basic, nrook_uturn, minivault_24
D:3:      layout_basic, nrook_mini_backslash, hangedman_abyss_or_decor_stabs,
          minivault_5, minmay_misc_feat_five, dk_vineyard_3
D:4:      minmay_door_path, layout_basic, nicolae_ru_the_path_less_chosen,
          amcnicky_altar_gilded, minmay_temple_entry_fiery,
          kennysheep_generic_room_15, uniq_duvessa, uniq_eustachio, uniq_grinder

Skill      XL: |  1  2  3 |
---------------+----------+-----
Conjurations   | 5 |  5.1
Dodging        | |  2.0
Stealth        | |  2.6
Spellcasting   | |  2.0

Action                   || total
-------------------------++-------
Melee: Dagger            ||     6
       Tentacles         ||     2
 Cast: Magic Dart        ||    56
  Use: Scroll            ||     1
       Potion            ||     1
Armor: Skin              ||     1
Dodge: Dodged            ||    13

Table legend: (Time is in decaauts)
 A = Elapsed time spent in this place.
 B = Non-inter-level travel time spent in this place.
 C = Inter-level travel time spent in this place.
 D = Time resting spent in this place.
 E = Time spent auto-exploring this place.
 F = Levels seen in this place.
 G = Mean time per level.
                   A        B        C        D        E       F      G
               +--------+--------+--------+--------+--------+-----+--------+
         Total |   1969 |   1930 |     39 |      0 |   1767 |   4 |  492.2 |
       Dungeon |   1969 |   1930 |     39 |      0 |   1767 |   4 |  492.2 |
               +--------+--------+--------+--------+--------+-----+--------+

Top non-repeatable levels by time:
     D:1: 1020 daAuts
     D:2: 746 daAuts
     D:3: 146 daAuts
     D:4: 55 daAuts
